Map: Dusk Towers

Players

Probe - Winner!

  • Race: Protoss Protoss

PartinG

  • Race: Protoss Protoss

Event: DreamHack ROCCAT LotV Championship

VOD

Have the link to the VOD?

Description

Time

  • Played on: Nov. 26, 2015, 5:28 a.m.
  • Length: 4:38

All games in this series

Show
View Real Time Build Order
Export as new Build Order

Probe Protoss - Winner!

Build Orders: Oracle Opening, Dark Templar Rush 

Get SALT Encoding   

  12  0:08  Pylon  
  12  0:13  Probe (Chrono Boost)  
  13  0:28  Gateway  
  13  0:31  Probe (Chrono Boost)  
  14  0:41  Probe (Chrono Boost)  
  14  0:42  Assimilator  
  15  0:48  Assimilator  
  15  0:52  Probe (Chrono Boost)  
  16  1:02  Probe (Chrono Boost)  
  17  1:13  Probe (Chrono Boost)  
  17  1:16  Cybernetics Core  
  18  1:23  Probe (Chrono Boost)  
  18  1:25  Pylon  
  19  1:34  Probe (Chrono Boost)  
  20  1:45  Probe (Chrono Boost)  
  21  1:52  Twilight Council  
  21  1:56  Warp Gate (Chrono Boost)  
  21  2:01  Pylon  
  21  2:05  Probe  
  22  2:17  Probe  
  22  2:22  Stargate  
  23  2:34  Dark Shrine  
  23  2:40  Probe  
  26  2:55  Pylon  
  26  3:05  Oracle (Chrono Boost)  
  27  3:13  Gateway  
  27  3:27  Nexus  
  27  3:37  Pylon  
  27  3:43  Oracle (Chrono Boost)  
  27  3:45  Probe  
  28  4:07  Dark Templar  
  30  4:10  Probe  
  30  4:16  Pylon  
  31  4:17  Dark Templar  
  31  4:22  Probe  
Show
View Real Time Build Order
Export as new Build Order

PartinG Protoss 

Build Orders: Nexus First 

Get SALT Encoding   

  12  0:00  Probe (Chrono Boost)  
  13  0:11  Probe (Chrono Boost)  
  14  0:18  Pylon  
  14  0:21  Probe (Chrono Boost)  
  15  0:37  Probe (Chrono Boost)  
  16  0:47  Probe (Chrono Boost)  
  17  0:57  Nexus  
  17  1:07  Gateway  
  17  1:10  Probe (Chrono Boost)  
  18  1:15  Assimilator  
  18  1:20  Probe (Chrono Boost)  
  18  1:23  Assimilator  
  19  1:31  Probe (Chrono Boost)  
  20  1:41  Probe (Chrono Boost)  
  21  1:52  Probe (Chrono Boost)  
  22  1:55  Cybernetics Core  
  22  1:59  Pylon  
  22  2:02  Probe (Chrono Boost)  
  23  2:11  Probe (Chrono Boost)  
  23  2:13  Probe (Chrono Boost)  
  25  2:24  Probe x2 (Chrono Boost)  
  27  2:32  Stalker (Chrono Boost), Mothership Core (Chrono Boost), Warp Gate (Chrono Boost)  
  27  2:36  Probe  
  32  2:42  Pylon  
  32  2:48  Probe  
  33  2:51  Probe  
  33  2:53  Pylon  
  33  2:56  Stalker (Chrono Boost)  
  36  3:03  Probe  
  36  3:04  Probe  
  38  3:10  Gateway  
  38  3:14  Pylon  
  38  3:15  Pylon  
  38  3:20  Stalker  
  38  3:26  Probe x2  
  42  3:29  Gateway  
  42  3:35  Twilight Council  
  42  3:42  Probe x2  
  42  3:46  Pylon  
  43  4:01  Probe x2 (Chrono Boost)  
  45  4:12  Probe x2 (Chrono Boost), Robotics Facility  
  47  4:21  Probe  
  47  4:23  Probe  
  46  4:31  Sentry x2  

Tags
 
Add a new tag
Caveats
  • Supply blocks, unpowered buildings, or Contaminate may cause inaccurate times.
  • Supply counts are checked every 10 seconds.